 Dungeon Crawl Stone Soup version 0.23.0 (webtiles) character file.

Game seed: 13674334589968307424

351 Kairos the Sneak (level 6, -4/32 HPs)
             Began as a Vine Stalker Assassin on Feb 15, 2019.
             Splashed by a jelly's acid (6 damage)
             ... on level 4 of the Dungeon.
             The game lasted 00:06:10 (2689 turns).

Kairos the Sneak (Vine Stalker Assassin)            Turns: 2689, Time: 00:06:12

Health: -4/32      AC: -5    Str: 16    XL:     6   Next: 61%
Magic:  0/7        EV: 11    Int: 11    God:
Gold:   150        SH:  0    Dex: 15    Spells: 5/5 levels left

rFire    + . .     SeeInvis .   q - +1 dagger (venom)
rCold    . . .     Gourm    .   (no shield)
rNeg     . . .     Faith    .   i - +0 ring mail
rPois    .         Spirit   +   (no helmet)
rElec    .         Reflect  .   d - +0 cloak
rCorr    .         Harm     .   (no gloves)
MR       .....                  (no boots)
Stlth    +++.......             (no amulet)
HPRegen  0.50/turn              n - ring of protection from fire
MPRegen  0.10/turn              (no ring)

@: corroded
A: fangs 2, regeneration 1, magic shield, antimagic bite, no potion heal 3, rot
immunity
a: no special abilities


You were on level 4 of the Dungeon.
You were hungry.

You visited 1 branch of the dungeon, and saw 4 of its levels.

You collected 150 gold pieces.

Inventory:

Hand Weapons
 a - a +2 dagger
 b - a +0 blowgun
 h - a +0 hunting sling
 q - a +1 dagger of venom (weapon)
 z - a +2 mace of holy wrath
 A - a +0 mace of protection
Missiles
 e - 20 poisoned needles
 f - 2 curare-tipped needles
 j - 2 throwing nets (quivered)
Armour
 c - a +0 robe
 d - a +0 cloak (worn)
 i - a +0 ring mail (worn)
Jewellery
 n - a ring of protection from fire (left hand)
Wands
 x - a wand of enslavement (4)
Scrolls
 l - 2 scrolls of immolation
 m - a scroll of blinking
 s - a scroll of teleportation {unknown}
 v - a scroll of amnesia
 w - a scroll of fog
 B - a scroll of random uselessness {unknown}
Potions
 k - a potion of flight {unknown}
 o - a potion of ambrosia {unknown}
 p - 2 potions of haste {unknown}
 r - a potion of experience {unknown}
 t - 3 potions of heal wounds {unknown}
 u - a potion of cancellation {unknown}
Comestibles
 g - 7 rations


   Skills:
 + Level 2.8 Fighting
 + Level 3.6 Short Blades
 + Level 2.1 Throwing
 + Level 1.6 Armour
 + Level 2.0 Dodging
 + Level 6.4 Stealth


You had 5 spell levels left.
You didn't know any spells.
Your spell library was empty.

Dungeon Overview and Level Annotations

Branches:
Dungeon (4/15)
 Temple: D:4-7

Altars:


Innate Abilities, Weirdness & Mutations

You have extremely sharp teeth.
Your natural rate of healing is unusually fast.
When hurt, damage is shared between your health and your magic reserves.
Your bite disrupts and absorbs the magic of your enemies.
Potions cannot restore your health.
You are immune to rotting.


Message History

The jelly is severely wounded.
The jelly hits you.
You are splashed with acid.
Your ring mail prevents you from hitting the jelly.
The jelly is severely wounded.
The jelly jiggles.
The jelly hits you.
You are splashed with acid!
* * * LOW HITPOINT WARNING * * *
You are too injured to fight recklessly!
You are too injured to fight recklessly!
You are too injured to fight recklessly!
You hit the jelly but do no damage. The acid corrodes you!
Your hands burn!
* * * LOW HITPOINT WARNING * * *
The jelly is severely wounded.
You hit the jelly but do no damage.
Your hands burn!
* * * LOW HITPOINT WARNING * * *
The jelly is severely wounded.
The jelly hits you.
* * * LOW HITPOINT WARNING * * *
The acid corrodes you!
You are splashed with acid!
You die...

.. #.## ### #..#
#######.##...÷.!#
#.####....#.#.#.J.J..#
####..##.....#.#.#....÷.#
......'......#'#)#.JJJ.J#
......'..[.....#@#.J...J#
......'.....)..#J#J.P.PP#
......##..)....#.#......#
......###......##'PJ.P.P#
......############....÷÷#
.....).####### ####### #
...###†))††.(#########
###.# ...#
#######.........# #...
...#
#########.###.########


You could see a jelly.

Vanquished Creatures
  A bullfrog skeleton (D:4)
  2 hounds (D:4)
  Crazy Yiuf (D:3)
  Ijyb (D:3)
  Natasha (twice) (D:3)
  A worker ant (D:4)
  2 adders (D:2)
  5 oozes
  2 worms (D:2)
  3 dart slugs
  3 leopard geckos
  2 orcs
  A ball python (D:2)
  6 bats
  5 giant cockroaches
  10 goblins
  9 hobgoblins
  5 jackals (D:2)
  2 quokkas (D:2)
  11 frilled lizards
  9 kobolds
  5 rats
88 creatures vanquished.

Vanquished Creatures (others)
  2 fungi (D:4)
  8 toadstools (D:4)
10 creatures vanquished.

Grand Total: 98 creatures vanquished

Notes
Turn   | Place    | Note
-------+----------+-------------------------------------------
     0 | D:1      | Kairos the Vine Stalker Assassin began the quest for the
                  | Orb.
     0 | D:1      | Reached XP level 1. HP: 11/11 MP: 2/2
    71 | D:1      | Reached skill level 5 in Stealth
    95 | D:1      | Reached XP level 2. HP: 14/15 MP: 3/3
   439 | D:1      | Reached XP level 3. HP: 18/18 MP: 4/4
  1243 | D:2      | Gained mutation: Your natural rate of healing is unusually
                  | fast. [Vine Stalker growth]
  1243 | D:2      | Reached XP level 4. HP: 22/23 MP: 5/5
  1475 | D:2      | Reached skill level 1 in Dodging
  1822 | D:3      | Noticed Natasha
  1834 | D:3      | Killed Natasha
  1834 | D:3      | Reached skill level 6 in Stealth
  1835 | D:3      | Reached XP level 5. HP: 18/26 MP: 4/6
  1907 | D:3      | Noticed Natasha
  1913 | D:3      | Killed Natasha
  1913 | D:3      | Reached skill level 1 in Armour
  2137 | D:3      | Noticed Ijyb
  2155 | D:3      | Killed Ijyb
  2339 | D:3      | Found a runed translucent door.
  2340 | D:3      | Noticed Crazy Yiuf
  2347 | D:3      | Killed Crazy Yiuf
  2425 | D:4      | Reached XP level 6. HP: 32/32 MP: 7/7
  2689 | D:4      | Splashed by a jelly's acid

Skill      XL: |  1  2  3  4  5  6 |
---------------+-------------------+-----
Throwing       | 2 |  2.1
Stealth        | 5 6 |  6.4
Short Blades   | 2 3 |  3.6
Fighting       | 2 |  2.8
Dodging        | 1 2 |  2.0
Armour         | 1 |  1.6

Action                   |  1- 3 |  4- 6 || total
-------------------------+-------+-------++-------
Melee: Dagger            |   101 |   152 ||   253
       Bite              |    25 |    54 ||    79
  Use: Scroll            |     1 |     5 ||     6
 Stab: Sleeping          |     7 |     2 ||     9
       Distracted        |       |     1 ||     1
  Eat: Chunk             |       |     5 ||     5
Armor: Ring mail         |    37 |    40 ||    77
Dodge: Dodged            |    50 |    69 ||   119
